 Dungeon Crawl Stone Soup version 0.29.0-4-gdea44cf6ec (webtiles) character file.

Game seed: 6788513175808890818

88 qw the Chopper (level 4, -3/26 HPs)
             Began as a Tengu Warper on Aug 28, 2022.
             Slain by Terence
             ... wielding a +0 flail of holy wrath
              (10 damage)
             ... on level 2 of the Dungeon.
             The game lasted 00:00:14 (1797 turns).

qw the Chopper (Tengu Warper)                       Turns: 1797, Time: 00:00:14

Health: -3/26      AC:  6    Str: 13    XL:     4   Next: 53%
Magic:  8/8        EV: 11    Int: 14    God:
Gold:   65         SH:  0    Dex: 13    Spells: 7/7 levels left

rFire   . . .      SeeInvis .   Y - +0 hand axe
rCold   . . .      Faith    .   (no shield)
rNeg    . . .      Spirit   .   g - +0 ring mail
rPois   .          Reflect  .   (helmet restricted)
rElec   .          Harm     .   i - +0 cloak
rCorr   .          Rampage  .   (no gloves)
Will    .....                   (boots unavailable)
Stlth   +.........              (no amulet)
HPRegen 0.08/turn               (no ring)
MPRegen 0.11/turn               (no ring)

@: no status effects
A: beak, talons 3
a: no special abilities


You were on level 2 of the Dungeon.
You visited 1 branch of the dungeon, and saw 2 of its levels.

You collected 65 gold pieces.


Innate Abilities, Weirdness & Mutations

You have a beak for a mouth.
You have claws for feet.


   Skills:
 - Level 2.0 Fighting
 + Level 5.1 Axes
 - Level 1.0 Throwing
 - Level 1.1 Armour
 - Level 2.1 Dodging
 - Level 2.0 Spellcasting
 - Level 2.4 Translocations


You had 7 spell levels left.
You didn't know any spells.
Your spell library contained the following spells:

 Spells                   Type           Power      Damage    Failure   Level
 Blink                    Tloc           16%        N/A       28%         2
 Gell's Gravitas          Tloc           8%         N/A       50%         3
 Lesser Beckoning         Tloc           8%         N/A       50%         3
 Teleport Other           Tloc           8%         N/A       50%         3
 Manifold Assault         Tloc           8%         N/A       99%         5

Inventory:

Hand Weapons
 e - a +0 flail
 Y - a +0 hand axe (weapon)
Missiles
 a - 3 boomerangs (quivered)
Armour
 g - a +0 ring mail (worn)
 i - a +0 cloak (worn)
Jewellery
 j - an amulet of faith
Scrolls
 k - a scroll of enchant armour {unknown}
 l - a scroll of identify {unknown}
Potions
 b - a potion of berserk rage {unknown}
 c - a potion of mutation {unknown}
 d - a potion of degeneration {unknown}
 f - 3 potions of curing
 h - a potion of resistance

Dungeon Overview and Level Annotations

Branches:
Dungeon (2/15)

Altars:

Shops:
D:1 ?

Annotations:
D:2 1 runed translucent door, Crazy Yiuf, Natasha, Terence


Message History

You see here a +0 club.
Found a robe.
Terence the Incautious comes into view.
He is wielding a +0 flail of holy wrath.
Terence shouts!
Throw: 3 boomerangs
Press: ? - help, Q - select action Shift-Dir - straight line, f - Terence You throw a boomerang.
The boomerang hits Terence.
Terence is lightly wounded.
Throw: 3 boomerangs
Press: ? - help, Q - select action Shift-Dir - straight line, f/p - Terence You throw a boomerang.
The boomerang closely misses Terence.
Throw: 3 boomerangs
Press: ? - help, Q - select action Shift-Dir - straight line, f/p - Terence You throw a boomerang.
The boomerang barely misses Terence.
You hit Terence but do no damage. You claw Terence, but do no damage.
Terence is lightly wounded.
Terence closely misses you.
You hit Terence.
Terence is moderately wounded.
Terence closely misses you.
You hit Terence but do no damage. You claw Terence, but do no damage.
Terence is moderately wounded.
Terence hits you with a +0 flail of holy wrath!
You hit Terence but do no damage. Your peck misses Terence.
Terence is moderately wounded.
Terence hits you with a +0 flail of holy wrath.
You closely miss Terence.
Terence is moderately wounded.
Terence hits you with a +0 flail of holy wrath.
You barely miss Terence. Your kick misses Terence.
Terence is moderately wounded.
Terence barely misses you.
You hit Terence but do no damage. Your kick misses Terence.
Your peck misses Terence.
Terence is moderately wounded.
Terence barely misses you.
You hit Terence.
Terence is moderately wounded.
Terence hits you with a +0 flail of holy wrath!
You die...

#.# ##).####.###.# ..#
#..# #..[..# .### #..##
####..# #. #...# #..# #
##..# #..# #..# #..# #..#
##..#
#.@#####...#########
#..@................
##.#####..##..###### #.#
#..##..# # #######.#
#..##..######
........#####............
######........###.#####..
##............# ###
###########.## ###


You could see Terence.

Vanquished Creatures
  Robin (D:2)
  An adder (D:2)
  A gnoll (D:1)
  A worm (D:2)
  4 bats
  7 endoplasms (D:1)
  2 giant cockroaches
  9 goblins
  9 hobgoblins
  3 kobolds
  A quokka (D:1)
  4 ball pythons
  5 rats
48 creatures vanquished.

Notes
Turn   | Place    | Note
-------+----------+-------------------------------------------
     0 | D:1      | qw the Tengu Warper began the quest for the Orb.
     0 | D:1      | Reached XP level 1. HP: 12/12 MP: 4/4
     0 | D:1      | 0 ||| qw: Version: 0.1-a-89-g26bdef1
     0 | D:1      | 0 ||| qw: Game counter: 2415
     0 | D:1      | 0 ||| qw: Always use a shield: true
     0 | D:1      | 0 ||| qw: God list: Okawaru
     0 | D:1      | 0 ||| qw: Allow faded altars: false
     0 | D:1      | 0 ||| qw: Do Orc after D:15 true
     0 | D:1      | 0 ||| qw: Do second Lair branch before Depths: true
     0 | D:1      | 0 ||| qw: Lair rune preference: random
     0 | D:1      | 0 ||| qw: Plans: Normal
     0 | D:1      | 0 ||| PLANNING D:1-11
    19 | D:1      | Found Potal's Magic Scroll Boutique.
    27 | D:1      | 27 ||| SHOPLISTING scroll of enchant armour (97 gold, have
                  | 0).
    27 | D:1      | 27 ||| SHOPLISTING scroll of teleportation (39 gold, have
                  | 0).
    59 | D:1      | Reached XP level 2. HP: 12/17 MP: 6/6
    60 | D:1      | Reached skill level 3 in Axes
   230 | D:1      | 230 ||| Stepping ~*~*~tactically~*~*~ (stealth).
   235 | D:1      | 235 ||| Stepping ~*~*~tactically~*~*~ (stealth).
   245 | D:1      | 245 ||| Stepping ~*~*~tactically~*~*~ (stealth).
   315 | D:1      | Found a faded altar of an unknown god.
   698 | D:1      | 698 ||| DROPPING +0 club.
   714 | D:1      | Reached skill level 4 in Axes
   714 | D:1      | Reached XP level 3. HP: 21/21 MP: 7/7
   718 | D:1      | 718 ||| DROPPING +3 whip.
   905 | D:1      | 905 ||| UPGRADING to +0 ring mail.
   915 | D:1      | 915 ||| DROPPING +0 leather armour.
   916 | D:1      | 916 ||| UPGRADING to +0 cloak.
   921 | D:1      | 921 ||| READING scroll labelled ZALICU XETWUL.
   922 | D:1      | 922 ||| DRINKING 2 pink potions.
   923 | D:1      | 923 ||| DRINKING 2 murky sapphire potions.
   924 | D:1      | 924 ||| DROPPING scroll of blinking.
  1072 | D:2      | 1072 ||| FLEEEEING.
  1073 | D:2      | 1073 ||| FLEEEEING.
  1075 | D:2      | 1075 ||| FLEEEEING.
  1076 | D:2      | 1076 ||| FLEEEEING.
  1077 | D:2      | 1077 ||| FLEEEEING.
  1078 | D:2      | 1078 ||| FLEEEEING.
  1082 | D:2      | 1082 ||| FLEEEEING.
  1083 | D:2      | 1083 ||| FLEEEEING.
  1086 | D:2      | 1086 ||| FLEEEEING.
  1087 | D:2      | 1087 ||| FLEEEEING.
  1090 | D:2      | 1090 ||| FLEEEEING.
  1091 | D:2      | 1091 ||| FLEEEEING.
  1092 | D:2      | 1092 ||| FLEEEEING.
  1093 | D:2      | 1093 ||| FLEEEEING.
  1094 | D:2      | 1094 ||| FLEEEEING.
  1096 | D:2      | 1096 ||| FLEEEEING.
  1097 | D:2      | 1097 ||| FLEEEEING.
  1098 | D:2      | 1098 ||| FLEEEEING.
  1099 | D:2      | 1099 ||| FLEEEEING.
  1100 | D:2      | 1100 ||| FLEEEEING.
  1101 | D:2      | 1101 ||| FLEEEEING.
  1105 | D:2      | 1105 ||| FLEEEEING.
  1106 | D:2      | 1106 ||| STAIRDANCE
  1386 | D:2      | 1386 ||| Stepping ~*~*~tactically~*~*~ (stealth).
  1388 | D:2      | 1388 ||| Stepping ~*~*~tactically~*~*~ (stealth).
  1390 | D:2      | 1390 ||| Stepping ~*~*~tactically~*~*~ (stealth).
  1393 | D:2      | 1393 ||| Stepping ~*~*~tactically~*~*~ (stealth).
  1442 | D:2      | Reached XP level 4. HP: 26/26 MP: 8/8
  1491 | D:2      | Found a runed translucent door.
  1491 | D:2      | Noticed Natasha
  1492 | D:2      | Noticed Crazy Yiuf
  1509 | D:2      | 1509 ||| Stepping ~*~*~tactically~*~*~ (stealth).
  1520 | D:2      | 1520 ||| Stepping ~*~*~tactically~*~*~ (stealth).
  1528 | D:2      | 1528 ||| Stepping ~*~*~tactically~*~*~ (hiding).
  1531 | D:2      | 1531 ||| Stepping ~*~*~tactically~*~*~ (hiding).
  1537 | D:2      | Noticed Robin
  1543 | D:2      | Killed Robin
  1544 | D:2      | Reached skill level 5 in Axes
  1786 | D:2      | Noticed Terence
  1797 | D:2      | Slain by Terence

Levels and vault maps discovered:
D:1:      dpeg_arrival_rhombus, layout_basic, serial_shops, shop,
          dreamdust_ecumenical_altar_angels_and_demons
D:2:      minmay_wonky_spiral, layout_loops_ring,
          chequers_serial_rivers_micro_b, uniq_terence, uniq_crazy_yiuf_cottage,
          uniq_robin, uniq_natasha

Skill      XL: |  1  2  3  4 |
---------------+-------------+-----
Axes           | 4 5 |  5.1
Fighting       | |  2.0
Throwing       | |  1.0
Armour         | |  1.1
Dodging        | |  2.1
Spellcasting   | |  2.0
Translocations | |  2.4

Action                   |  1- 3 |  4- 6 || total
-------------------------+-------+-------++-------
Melee: Hand axe          |    71 |    30 ||   101
       Kick              |    22 |     6 ||    28
       Peck              |     4 |     3 ||     7
Throw: Boomerang         |    13 |     6 ||    19
  Use: Potion            |     2 |       ||     2
       Scroll            |     1 |       ||     1
Armor: Leather armour    |    10 |       ||    10
       Ring mail         |    14 |     7 ||    21
Dodge: Dodged            |    43 |    17 ||    60

Table legend:
 A = Non-vault XP
 B = Vault XP
 C = Vault XP percentage of total XP
 D = Non-vault monster count
 E = Vault monster count
 F = Vault count percentage of total count
                 A         B        C        D         E       F
            +---------+---------+-------+---------+---------+-------
      Total |      89 |      37 |  29.4 |      36 |      12 |  25.0
            +---------+---------+-------+---------+---------+-------
        D:1 |      56 |       0 |   0.0 |      24 |       0 |   0.0
        D:2 |      33 |      37 |  52.9 |      12 |      12 |  50.0
            +---------+---------+-------+---------+---------+-------
